 Dungeon Crawl Stone Soup version 0.30-a0-949-g53dc5368d7 (webtiles) character file.

Game seed: 12347573643696390903

569 Sobieck the Shooter (level 7, -1/50 HPs)
             Began as a Mummy Hunter on Mar 27, 2023.
             Slain by an orc priest
             ... wielding a +0 hand axe
              (5 damage)
             ... on level 5 of the Dungeon.
             The game lasted 00:05:40 (3350 turns).

Sobieck the Shooter (Mummy Hunter)                  Turns: 3350, Time: 00:05:41

Health: -1/50      AC:  3    Str: 14    XL:     7   Next: 11%
Magic:  7/7        EV: 11    Int: 15    God:
Gold:   263        SH:  0    Dex: 17    Spells: 6/6 levels left

rFire   x . .      SeeInvis .    a - +8 sling "Isuesole" {heavy, rElec}
rCold   + . .      Faith    +    (no shield)
rNeg    + + +      Spirit   .    c - +0 leather armour
rPois   ∞          Reflect  .    (no helmet)
rElec   +          Rampage  .    (no cloak)
rCorr   .                        (no gloves)
Will    +....                    (no boots)
Stlth   ++                       e - amulet of regeneration {@e2}
HPRegen 1.08/turn                k - +6 ring of intelligence
MPRegen 0.10/turn                m - ring of willpower

@: no status effects
A: cold resistance 1, negative energy resistance 3, torment resistance 2, heat
vulnerability 1, in touch with death 1, no potions, faith
a: no special abilities


You were on level 5 of the Dungeon.
You visited 1 branch of the dungeon, and saw 5 of its levels.

You collected 282 gold pieces.
You spent 19 gold pieces at shops.


Innate Abilities, Weirdness & Mutations

You are immune to poison.
Your flesh is cold resistant. (rC+)
You are immune to negative energy. (rN+++)
You are immune to unholy pain and torment.
You are vulnerable to heat. (rF-)
You are in touch with the powers of death.
You do not drink.
You have a special connection with the divine. (Faith)


   Skills:
 - Level 2.0 Fighting
 + Level 7.0 Ranged Weapons
 - Level 1.5 Dodging
 - Level 2.0 Stealth


You had 6 spell levels left.
You didn't know any spells.
Your spell library was empty.

Inventory:

Hand Weapons
 a - the +8 sling "Isuesole" (weapon) {heavy, rElec}
   (You found it on level 3 of the Dungeon)

   rElec:     It insulates you from electricity.
 b - a +0 shortbow {bow}
Missiles
 d - 46 stones {throwing}
 h - 11 poisoned darts {throwing}
 s - 5 boomerangs {throwing}
Armour
 c - a +0 leather armour (worn)
 j - a +0 leather armour
   (You found it on level 2 of the Dungeon)
 q - a +0 leather armour
   (You took it off a hobgoblin on level 2 of the Dungeon)
 r - a +0 robe
   (You took it off an orc wizard on level 2 of the Dungeon)
 t - a +0 chain mail
   (You took it off an orc on level 3 of the Dungeon)
 x - a +0 leather armour
   (You found it on level 3 of the Dungeon)
 z - a +0 robe
   (You found it on level 3 of the Dungeon)
 A - a +0 chain mail
   (You found it on level 3 of the Dungeon)
 B - a +0 leather armour
   (You took it off an orc priest on level 4 of the Dungeon)
 C - a +0 leather armour
   (You took it off an orc on level 4 of the Dungeon)
 E - a +0 robe
   (You found it on level 4 of the Dungeon)
 G - a +0 robe
   (You found it on level 4 of the Dungeon)
 J - a +0 ring mail
   (You found it on level 5 of the Dungeon)
 L - a +0 scale mail
   (You found it on level 5 of the Dungeon)
 M - a +0 robe
   (You found it on level 5 of the Dungeon)
 N - a +0 leather armour
   (You took it off an orc priest on level 5 of the Dungeon)
Magical Staves
 v - a staff of cold {!astaff}
   (You found it on level 3 of the Dungeon)
Jewellery
 e - an amulet of regeneration (around neck) {@e2}
   (You found it on level 1 of the Dungeon)
 k - a +6 ring of intelligence (left hand)
   (You found it on level 2 of the Dungeon)
 m - a ring of willpower (right hand)
   (You found it on level 2 of the Dungeon)
 I - a ring of ice
   (You found it on level 4 of the Dungeon)
Wands
 n - a wand of flame (19)
   (You found it on level 2 of the Dungeon)
 D - a wand of digging (7)
   (You found it on level 4 of the Dungeon)
Scrolls
 f - 2 scrolls of identify {@r1}
 g - a scroll of vulnerability {unknown}
 i - 2 scrolls of enchant armour
 l - a scroll of amnesia {unknown}
 o - a scroll of noise {unknown}
 p - a scroll of fear {unknown}
 u - a scroll of fog {unknown}
 w - a scroll of butterflies {unknown}
 y - 5 scrolls of immolation {!r!r}
 F - a scroll of blinking {unknown}
 H - a scroll of poison {unknown}
 K - a scroll of teleportation {unknown}

Dungeon Overview and Level Annotations

Branches:
Dungeon (5/15) Zot: 26549
 Temple: D:4-7

Altars:
Cheibriados
Gozag
Makhleb
Nemelex Xobeh
Okawaru

Shops:
D:1 *

Annotations:
D:3 2 transporters

#####............#....#
#......#'#####....#
#......#..........#
########..........#
#...........#
#.....##....#
#.....##....#
#......+..o.# ##@...##
#o###+# #{.......
##....... ....##. ....#
....# ....# ....#


You could see an orc priest.


Message History

Fire: a) +8 sling "Isuesole" {heavy, rElec}
Press: ? - help, Q - select action, (/) - cycle Shift-Dir - straight line, f/p - orc priest
Aim: an orc priest, wielding a +0 flail and wearing a +0 leather armour (severely wounded, 70% to hit)
You shoot a sling bullet. The sling bullet hits the orc priest.
The orc priest closely misses you.
Unknown command.
Fire: a) +8 sling "Isuesole" {heavy, rElec}
Press: ? - help, Q - select action, (/) - cycle Shift-Dir - straight line, f/p - orc priest
Aim: an orc priest, wielding a +0 flail and wearing a +0 leather armour (severely wounded, 70% to hit)
You shoot a sling bullet.
The sling bullet closely misses the orc priest.
The orc priest hits you with a +0 flail. x2
Unknown command.
Fire: a) +8 sling "Isuesole" {heavy, rElec}
Press: ? - help, Q - select action, (/) - cycle Shift-Dir - straight line, f/p - orc priest
Aim: an orc priest, wielding a +0 flail and wearing a +0 leather armour (severely wounded, 70% to hit)
You shoot a sling bullet. The sling bullet hits the orc priest!!
You kill the orc priest!
Unknown command.
You start resting.
Unknown command.
N - a +0 leather armour
Things that are here:
a +0 flail {mace}; a scorpion corpse You open the door.
There is an open door here.
There is an open door here.
There is a stone staircase leading down here.
You now have 263 gold pieces (gained 18).
You open the door.
There is an open door here.
A sleepcap comes into view.
Danger!
You shoot a sling bullet. The sling bullet hits the sleepcap!
You shoot a sling bullet. The sling bullet hits the sleepcap!!
You destroy the sleepcap!
Your Ranged Weapons skill increases to level 7!
No target in view!
An orc wizard comes into view. It is wielding a +0 dagger.
The orc wizard shouts!
The orc priest shouts!
The orc priest begins to cast a cantrip, but forgets the words!
Danger!
You shoot a sling bullet. The sling bullet hits the orc wizard!
The orc priest calls down the wrath of Beogh upon you.
Beogh smites you! The orc wizard casts a spell at you. The magic dart hits you.
You are too injured to fight recklessly!
You are too injured to fight recklessly!
Unknown command.
Fire: a) +8 sling "Isuesole" {heavy, rElec}
Press: ? - help, Q - select action, (/) - cycle Shift-Dir - straight line, f/p - orc wizard
Aim: an orc wizard, wielding a +0 dagger and wearing a +0 robe (almost dead, 64% to hit)
You shoot a sling bullet.
The sling bullet barely misses the orc wizard.
The orc priest mumbles some strange prayers to Beogh against you.
Beogh smites you!
* * * LOW HITPOINT WARNING * * *
The orc wizard gestures at you while chanting.
The magic dart hits you!
* * * LOW HITPOINT WARNING * * *
The orc wizard mumbles some strange words.
The orc wizard flickers and vanishes!
Deactivating autopickup; reactivate with Ctrl-A.
Fire: a) +8 sling "Isuesole" {heavy, rElec}
Press: ? - help, Q - select action, (/) - cycle Shift-Dir - straight line, f - orc priest
Aim: an orc priest, wielding a +0 hand axe (70% to hit)
You shoot a sling bullet. The sling bullet hits the orc priest!
Fire: a) +8 sling "Isuesole" {heavy, rElec}
Press: ? - help, Q - select action, (/) - cycle Shift-Dir - straight line, f/p - orc priest
Aim: an orc priest, wielding a +0 hand axe (heavily wounded, 70% to hit)
You shoot a sling bullet. The sling bullet hits the orc priest.
Something hits you.
* * * LOW HITPOINT WARNING * * *
The orc priest hits you but does no damage.
Fire: a) +8 sling "Isuesole" {heavy, rElec}
Press: ? - help, Q - select action, (/) - cycle Shift-Dir - straight line, f/p - orc priest
Aim: an orc priest, wielding a +0 hand axe (almost dead, 70% to hit)
You shoot a sling bullet.
The sling bullet barely misses the orc priest.
The orc priest hits you with a +0 hand axe.
* * * LOW HITPOINT WARNING * * *
Something hits you but does no damage.
The orc priest hits you but does no damage.
You hear some strange, mumbled words.
A puff of flame appears from out of thin air!
The puff of flame hits you! The fire burns you terribly!
* * * LOW HITPOINT WARNING * * *
Fire: a) +8 sling "Isuesole" {heavy, rElec}
Press: ? - help, Q - select action, (/) - cycle Shift-Dir - straight line, f/p - orc priest
Aim: an orc priest, wielding a +0 hand axe (almost dead, 70% to hit)
Okay, then.
Something hits you.
* * * LOW HITPOINT WARNING * * *
Unknown command.
As you read the scroll labelled ASKANUOZXA, it crumbles to dust.
It is a scroll of identify.
i - 2 scrolls of enchant armour The orc priest hits you with a +0 hand axe.
You die...

Skill      XL: |  1  2  3  4  5  6  7 |
---------------+----------------------+-----
Stealth        | 1 2 |  2.0
Ranged Weapons | 4 5 6 7 |  7.0
Fighting       | |  2.0
Dodging        | |  1.5

Action                     |  1- 3 |  4- 6 |  7- 9 || total
---------------------------+-------+-------+-------++-------
   Fire: Shortbow          |   104 |    27 |       ||   131
         Sling             |       |    60 |    14 ||    74
    Use: Scroll            |       |       |     1 ||     1
 Armour: Leather armour    |     6 |     7 |     3 ||    16
  Dodge: Dodged            |    34 |    26 |     2 ||    62

Levels and vault maps discovered:
D:1:      nagdon_arrival_double_spiral, layout_rooms, serial_shops,
          nicolae_shop_behind_doors
D:2:      layout_loops_corners, chequers_decorated_corner
D:3:      gammafunk_wand_slinger, layout_loops_ring, okawaru_ov_weapons_minmay,
          mainiacjoe_overflow_chevrons, lightli_temple_of_fire,
          lemuel_crystal_altar
D:4:      nicolae_cairo_tiling_large_dashed, layout_cave_pods,
          mainiacjoe_overflow_boulevard, grunt_ministairs_3
D:5:      layout_gridville, trog_book, marbit_many_paths

Notes
Turn   | Place    | Note
-------+----------+-------------------------------------------
     0 | D:1      | Sobieck the Mummy Hunter began the quest for the Orb.
     0 | D:1      | Reached XP level 1. HP: 16/16 MP: 1/1
    32 | D:1      | Reached skill level 1 in Stealth
    72 | D:1      | Found Kittar's Assorted Antiques.
    75 | D:1      | Bought a scroll labelled HEM TABAFEDE for 19 gold pieces
   111 | D:1      | Reached XP level 2. HP: 22/22 MP: 2/2
   621 | D:2      | Reached skill level 2 in Stealth
   621 | D:2      | Gained mutation: You are in touch with the powers of death.
                  | [Mummy growth]
   621 | D:2      | Reached XP level 3. HP: 27/27 MP: 3/3
   832 | D:2      | Reached skill level 4 in Ranged Weapons
  1377 | D:2      | Reached XP level 4. HP: 28/33 MP: 4/4
  1548 | D:3      | Identified the +8 sling "Isuesole" {heavy, rElec}
  1602 | D:3      | Found an iron altar of Okawaru.
  1658 | D:3      | Found an opulent altar of Gozag.
  1861 | D:3      | Found a transporter.
  1868 | D:3      | Noticed a kobold demonologist
  1929 | D:3      | Found a snail-covered altar of Cheibriados.
  2007 | D:3      | Found a burning altar of Makhleb.
  2120 | D:3      | Found a transporter.
  2225 | D:4      | Reached XP level 5. HP: 35/38 MP: 5/5
  2231 | D:4      | Reached skill level 5 in Ranged Weapons
  2235 | D:4      | Noticed a black bear
  2237 | D:4      | Killed a black bear
  2238 | D:4      | Reached XP level 6. HP: 44/44 MP: 6/6
  2412 | D:4      | Reached skill level 6 in Ranged Weapons
  2599 | D:4      | Found a sparkling altar of Nemelex Xobeh.
  2980 | D:5      | Entered Level 5 of the Dungeon
  3106 | D:5      | Noticed a water moccasin
  3112 | D:5      | Killed a water moccasin
  3231 | D:5      | Reached XP level 7. HP: 35/50 MP: 7/7
  3337 | D:5      | Reached skill level 7 in Ranged Weapons
  3345 | D:5      | HP: 12/50 [orc wizard/magic dart (8)]
  3348 | D:5      | HP: 5/50 [something/puff of flame (9)]
  3349 | D:5      | HP: 2/50 [something (3)]
  3350 | D:5      | Slain by an orc priest

Vanquished Creatures
  A water moccasin (D:5)
  A black bear (D:4)
  A scorpion (D:5)
  A hound (D:4)
  3 orc priests
  An iguana (D:4)
  An orc wizard (D:2)
  A sleepcap (D:5)
  2 adders (D:2)
  A shadow imp (D:5)
  An ufetubus (D:5)
  2 worms
  4 dart slugs
  9 orcs
  6 endoplasms
  A giant cockroach (D:1)
  6 goblins
  4 hobgoblins
  6 kobolds
  3 quokkas
  12 ball pythons
  4 bats
  3 frilled lizards
  5 rats
79 creatures vanquished.

Table legend:
 A = Non-vault XP
 B = Vault XP
 C = Vault XP percentage of total XP
 D = Non-vault monster count
 E = Vault monster count
 F = Vault count percentage of total count
                 A         B        C        D         E       F
            +---------+---------+-------+---------+---------+-------
      Total |     812 |       2 |   0.2 |      77 |       2 |   2.5
            +---------+---------+-------+---------+---------+-------
        D:1 |      33 |       0 |   0.0 |      19 |       0 |   0.0
        D:2 |      87 |       0 |   0.0 |      15 |       0 |   0.0
        D:3 |      30 |       0 |   0.0 |      16 |       0 |   0.0
        D:4 |     333 |       2 |   0.6 |      21 |       2 |   8.7
        D:5 |     329 |       0 |   0.0 |       6 |       0 |   0.0
            +---------+---------+-------+---------+---------+-------

Illustrated notes

Table legend:
 A = Kills in this place as a percentage of kills in the entire game.
 B = Kills by you in this place as a percentage of kills by you in the entire game.
 C = Kills by friends in this place as a percentage of kills by friends in the entire game.
 D = Other kills in this place as a percentage of other kills in the entire game.
 E = Experience gained in this place as a percentage of experience gained in the entire game.
 F = Experience gained in this place divided by the number of levels of this place that you have seen.
                   A       B       C       D       E      F
               +-------+-------+-------+-------+-------+----------------------
         Total | 100.0 | 100.0 |   N/A |   N/A | 100.0 | 162.8
       Dungeon | 100.0 | 100.0 |   N/A |   N/A | 100.0 | 162.8
               +-------+-------+-------+-------+-------+----------------------

Table legend: (Time is in decaauts)
 A = Elapsed time spent in this place.
 B = Non-inter-level travel time spent in this place.
 C = Inter-level travel time spent in this place.
 D = Time resting spent in this place.
 E = Time spent auto-exploring this place.
 F = Levels seen in this place.
 G = Mean time per level.
                   A        B        C        D        E       F      G
               +--------+--------+--------+--------+--------+-----+--------+
         Total |   3449 |   3293 |    156 |    116 |   2673 |   5 |  689.8 |
       Dungeon |   3449 |   3293 |    156 |    116 |   2673 |   5 |  689.8 |
               +--------+--------+--------+--------+--------+-----+--------+

Top non-repeatable levels by time:
     D:2: 1010 daAuts
     D:3: 850 daAuts
     D:4: 790 daAuts
     D:1: 409 daAuts
     D:5: 388 daAuts
